 Dungeon Sprint DCSS version 0.24-a0-212-g90687ab (webtiles) character file.

Game seed: 5537805179152624505

210796 TheOrbIsALie the Conqueror (level 18, -8/145 HPs)
             Began as a Gargoyle Transmuter on Mar 29, 2019.
             Was the Champion of Okawaru.
             Mangled by a merfolk
             ... wielding a +0 trident
              (12 damage)
             ... in the Dungeon (Sprint VII: "The Pits").
             The game lasted 00:52:33 (9786 turns).

TheOrbIsALie the Conqueror (Gargoyle Transmuter)    Turns: 9786, Time: 00:52:34

Health: -8/145     AC: 52    Str: 23    XL:     18   Next: 86%
Magic:  42/42      EV: 21    Int: 25    God:    Okawaru [******]
Gold:   110        SH:  0    Dex:  9    Spells: 52/58 levels left

rFire    + + .     SeeInvis +     - Unarmed
rCold    + . .     Gourm    .   (shield currently unavailable)
rNeg     + + .     Faith    .   j - +7 fire dragon scales
rPois    ∞         Spirit   .   m - +0 hat {MR+}
rElec    +         Reflect  .   H - +2 cloak of Rotation {rC+ Str+6}
rCorr    .         Harm     .   (gloves currently unavailable)
MR       +++++     NoTele   +   L - +2 pair of boots {run}
Stlth    ++++++++..             p - amulet "Hoot Ang" {Acrobat Fragile Int+5 SInv}
HPRegen  0.34/turn              I - ring of Prescription {rElec rN+ MR+++ Dex-2 Stlth+}
MPRegen  0.28/turn              A - ring of Sefyhue {rPois rC+ AC+6 Int+4 Stlth+}

@: blade hands (expiring), heroism, flying, lightly drained, quick
A: big wings, clumsy 1, negative energy resistance 1, electricity resistance,
unbreathing, petrification resistance, rot immunity, AC +13
}: 1/3 runes: silver
a: Stop Flying, End Transformation, Heroism, Finesse, Renounce Religion


You were in the Dungeon.
You worshipped Okawaru.
Okawaru was exalted by your worship.
You were not hungry.
You had blades for hands.
You visited 1 branch You collected 110 gold pieces.

Inventory:

Missiles
 a - 262 arrows
 o - 13 javelins of returning (quivered)
Armour
 j - +7 fire dragon scales (worn)
 m - a +0 hat of magic resistance (worn)
 H - the +2 cloak of Rotation (worn) {rC+ Str+6}
   (You found it in the Dungeon)

   It affects your strength (+6).
   It protects you from cold.
 J - a +1 pair of gloves of strength (melded)
 L - a +2 pair of boots of running (worn)
 M - a scarf of spirit shield
Jewellery
 b - the ring "Meovidd" {rF+ MR+ Str+6 Stlth+}
   (You found it in the Dungeon)

   [ring of protection from magic]

   It affects your strength (+6).
   It protects you from fire.
   It affects your resistance to hostile enchantments.
   It makes you more stealthy.
 p - the amulet "Hoot Ang" (around neck) {Acrobat Fragile Int+5 SInv}
   (You found it in the Dungeon)

   [amulet of the acrobat]

   It helps you evade while moving and waiting.
   It affects your intelligence (+5).
   It lets you see invisible.
   It will be destroyed if unequipped.
 t - the amulet of Salvation {Harm *Corrode *Drain Str+3 Slay+2}
   (You found it in the Dungeon)

   [amulet of harm]

   It increases damage dealt and taken.
   It affects your strength (+3).
   It affects your accuracy and damage with ranged weapons and melee attacks
   (+2).
   It may corrode you when you take damage.
   It causes draining when unequipped.
 w - the ring "Ceacykk" {rF+ Str+3 Dex+6}
   (You found it in the Dungeon)

   [ring of dexterity]

   It affects your strength (+3).
   It affects your dexterity (+6).
   It protects you from fire.
 A - the ring of Sefyhue (right scythe-like blade) {rPois rC+ AC+6 Int+4 Stlth+}
   (You found it in the Dungeon)

   [ring of protection]

   It affects your AC (+6).
   It affects your intelligence (+4).
   It protects you from cold.
   It protects you from poison.
   It makes you more stealthy.
 C - the ring of Qyjayzyzu {Int+3 Slay+5}
   (You found it in the Dungeon)

   [ring of slaying]

   It affects your intelligence (+3).
   It affects your accuracy and damage with ranged weapons and melee attacks
   (+5).
 I - the ring of Prescription (left scythe-like blade) {rElec rN+ MR+++ Dex-2 Stlth+}
   (You found it in the Dungeon)

   [ring of stealth]

   It affects your dexterity (-2).
   It insulates you from electricity.
   It protects you from negative energy.
   It affects your resistance to hostile enchantments.
   It makes you more stealthy.
 Q - the ring "Gatydghue" {EV+6 Dex+2}
   (You found it in the Dungeon)

   [ring of evasion]

   It affects your evasion (+6).
   It affects your dexterity (+2).
 S - the ring of the Skies Above {-Tele MR+ Int+9 SInv Stlth-}
   (You found it in the Dungeon)

   [ring of see invisible]

   It affects your intelligence (+9).
   It affects your resistance to hostile enchantments.
   It lets you see invisible.
   It prevents most forms of teleportation.
   It makes you less stealthy.
 T - the ring of Xom's Amusement {rN+ Str+6}
   (You found it in the Dungeon)

   [ring of strength]

   It affects your strength (+6).
   It protects you from negative energy.
 U - the ring "Xutaudde" {*Slow MP+9 AC+6 Int+7 Dex+2}
   (You found it in the Dungeon)

   [ring of protection]

   It affects your AC (+6).
   It affects your intelligence (+7).
   It affects your dexterity (+2).
   It affects your magic capacity (+9).
   It may slow you when you take damage.
 W - the ring "Qapneogot" {AC+6 Int+6 Dex-2 Stlth+}
   (You found it in the Dungeon)

   [ring of protection]

   It affects your AC (+6).
   It affects your intelligence (+6).
   It affects your dexterity (-2).
   It makes you more stealthy.
 Z - the ring "Peuracuv" {rF+ rC+++ Str+6 Int+3 Dex-5}
   (You found it in the Dungeon)

   [ring of strength]

   It affects your strength (+6).
   It affects your intelligence (+3).
   It affects your dexterity (-5).
   It protects you from fire.
   It renders you almost immune to cold.
Scrolls
 f - 8 scrolls of remove curse
 k - 5 scrolls of amnesia
 l - a scroll of summoning
 q - a scroll of magic mapping
 u - a scroll of blinking
 v - 2 scrolls of enchant armour
 y - 9 scrolls of identify
 D - 6 scrolls of fear
 E - 2 scrolls of fog
Potions
 c - 2 potions of invisibility
 e - 8 potions of curing
 g - 8 potions of haste
 h - 3 potions of magic
 i - 5 potions of berserk rage
 n - 13 potions of heal wounds
 r - 5 potions of agility
 s - 3 potions of might
 x - 6 potions of mutation
 z - 2 potions of brilliance
Miscellaneous
 F - a lamp of fire
 K - a phial of floods
Comestibles
 d - 10 rations


   Skills:
 O Level 27(26.5) Fighting
 - Level 24.7(26.5) Armour
 - Level 19.1(23.7) Dodging
 - Level 17.8(22.4) Stealth
 - Level 25.1(26.5) Unarmed Combat
 + Level 20.8(20.4) Spellcasting
 + Level 17.5(17.1) Transmutations
 - Level 13.8(13.5) Invocations


You had 52 spell levels left.
You knew the following spells:

 Your Spells              Type           Power        Failure   Level  Hunger
a - Beastly Appendage     Tmut           ######       3%          1    None
b - Blade Hands           Tmut           #######...   6%          5    None

Your spell library contained the following spells:

 Spells                   Type           Power        Failure   Level  Hunger
 Sticks to Snakes         Tmut           #######.     3%          2    None
 Passwall                 Tmut/Erth      ######..     8%          2    None
 Spider Form              Tmut/Pois      ######....   10%         3    None
 Ignite Poison            Fire/Tmut/Pois ######..     14%         3    None
 Ice Form                 Ice/Tmut       ######..     14%         4    None
 Petrify                  Tmut/Erth      ######..     14%         4    None
 Alistair's Intoxication  Tmut/Pois      ######..     22%         5    None
 Animate Skeleton         Necr           N/A          24%         1    None
 Apportation              Tloc           ####..       24%         1    None
 Confusing Touch          Hex            ####..       24%         1    None
 Flame Tongue             Conj/Fire      ####.        24%         1    None
 Freeze                   Ice            ####         24%         1    None
 Infusion                 Chrm           ####         24%         1    None
 Sandblast                Erth           ####..       24%         1    None
 Sting                    Conj/Pois      ####         24%         1    None
 Summon Butterflies       Summ           ####....     24%         1    None
 Summon Small Mammal      Summ           ####         24%         1    None
 Ensorcelled Hibernation  Hex/Ice        ####..       30%         2    None
 Shroud of Golubria       Chrm/Tloc      ####......   30%         2    None
 Song of Slaying          Chrm           ####....     30%         2    None
 Swiftness                Chrm/Air       ####....     30%         2    None
 Throw Frost              Conj/Ice       ####..       30%         2    None
 Gell's Gravitas          Tloc           ####......   43%         3    None
 Lesser Beckoning         Tloc           ####......   43%         3    None
 Mephitic Cloud           Conj/Pois/Air  ####....     43%         3    None
 Ozocubu's Armour         Chrm/Ice       ####....     43%         3    None
 Portal Projectile        Hex/Tloc       ####..       43%         3    None
 Regeneration             Chrm/Necr      ####......   43%         3    None
 Spectral Weapon          Hex/Chrm       ####....     43%         3    None
 Stone Arrow              Conj/Erth      ####..       43%         3    None
 Tukima's Dance           Hex            ####....     43%         3    None
 Force Lance              Conj/Tloc      ####....     69%         4    None
 Passage of Golubria      Tloc           N/A          69%         4    None
 Summon Ice Beast         Ice/Summ       ####....     69%         4    None
 Throw Icicle             Conj/Ice       ####....     69%         4    None
 Bolt of Magma            Conj/Fire/Erth ####......   91%         5    None
 Fireball                 Conj/Fire      ####......   91%         5    None
 Iskenderun's Battlesphe  Conj/Chrm      ####....     91%         5    None
 Lee's Rapid Deconstruct  Erth           ####......   91%         5    None
 Venom Bolt               Conj/Pois      ####......   91%         5    None
 Bolt of Fire             Conj/Fire      ####......   100%        6    ##.....
 Darkness                 Hex            ####......   100%        6    ##.....
 Dispersal                Tloc           ####......   100%        6    ##.....
 Invisibility             Hex            ####....     100%        6    ##.....
 Iron Shot                Conj/Erth      ####......   100%        6    ##.....
 Orb of Destruction       Conj           ####......   100%        7    ####...
 Ring of Flames           Chrm/Fire      ####......   100%        7    ####...
 Spellforged Servitor     Conj/Summ      ####......   100%        7    ####...
 Controlled Blink         Tloc           N/A          100%        8    ######.
 Disjunction              Tloc           ####......   100%        8    ######.
 Ignition                 Fire           ####......   100%        8    ######.


Dungeon Overview and Level Annotations

Branches:
Dungeon (1/1)

Altars:
Ashenzari
Cheibriados
Dithmenos
Elyvilon
Fedhas
Gozag
Hepliaklqana
Kikubaaqudgha
Makhleb
Nemelex Xobeh
Okawaru
Qazlal
Ru
Sif Muna
Trog
Uskayaw
Vehumet
Wu Jian
Xom
Yredelemnul
Zin
The Shining One
Beogh
Jiyva
Lugonu


Innate Abilities, Weirdness & Mutations

You are resistant to torment.
Your stone body is resilient. (AC +13)
You are immune to poison.
Your large and strong wings let you fly indefinitely.
You resist negative energy. (rN+)
You are resistant to electric shocks. (rElec)
You can survive without breathing.
You are immune to petrification.
You are immune to rotting.
You are clumsy. (Dex -2)


Message History

A soul eater comes into view.
The hellion gestures at you.
The sphere of damnation explodes!
The damnation engulfs you!!
You completely miss the mummy priest. You shred the mummy priest!!!
You destroy the mummy priest!
Okawaru accepts your kill.
You feel extremely nervous for a moment...
You are engulfed in negative energy!
You partially resist.
You feel drained. The hellion gestures at you.
The sphere of damnation explodes!
The damnation engulfs you!!
* * * LOW HITPOINT WARNING * * *
The merfolk completely misses you.
Unknown command.
You feel much better. The hellion gestures at you.
The sphere of damnation explodes!
The damnation engulfs you!!
* * * LOW HITPOINT WARNING * * *
The merfolk hits you from afar with a +0 trident!
You die...

)....##...(......# ..(#....
....(##..........# m..#...2.
....)''))#....#..# #''#''#''
....)'').........# +.(.....p
#######))........# +m.W...p.
#######..#....#..#####.d#..#.Z
.....')..........##..C..DM...W
.....')..........##..'........
###..##..#....#.@##..#''#++#++
#.#..##........)))2p....#
.##..##..........'mp....#
#.#..####''####''########
.##..####''####''################
#.#..##......##..............()..
###..##.#'##.##..)........))[))..
.....##.#).'.##..##############''
.....## +.)#.##..#))'...'))#.....


You could see a hell knight, a merfolk, a necromancer and a hellion.

Vanquished Creatures
  2 orbs of fire (D)
  An ancient lich (D)
  3 greater mummies (D)
  Xtahua (D)
  A golden dragon (D)
  A bone dragon (D)
  2 pandemonium lords (D)
  2 electric golems (D)
  2 Brimstone Fiends (D)
  A lich (D)
  An Ice Fiend (D)
  A hellephant (D)
  Rupert (D)
  2 deep elf blademasters (D)
  A Hell Sentinel (D)
  An Executioner (D)
  An acid blob (D)
  2 sphinxes (D)
  2 death cobs (D)
  Gastronok (D)
  Donald (D)
  3 storm dragons (D)
  A nagaraja (D)
  A daeva (D)
  A draconian knight (D)
  2 fire giants (D)
  A frost giant (D)
  An angel (D)
  19 orc warlords (D)
  A draconian scorcher (D)
  3 deep elf sorcerers (D)
  A ghost moth (D)
  An emperor scorpion (D)
  A draconian shifter (D)
  A spriggan defender (D)
  A balrug (D)
  An ophan (D)
  Nessos (D)
  2 stone giants (D)
  2 green draconians (D)
  A yellow draconian (D)
  2 deep elf demonologists (D)
  2 dire elephants (D)
  A vampire knight (D)
  A red draconian (D)
  A minotaur (D)
  A purple draconian (D)
  A white draconian (D)
  An eidolon (D)
  3 deep elf death magi (D)
  A merfolk javelineer (D)
  4 mummy priests (D)
  6 deep elf high priests (D)
  2 fire dragons (D)
  A merfolk impaler (D)
  2 ice dragons (D)
  3 green deaths (D)
  2 naga warriors (D)
  A hell beast (D)
  3 vault guards (D)
  A spriggan air mage (D)
  An anaconda (D)
  2 hydras (D)
  A two-headed ogre (D)
  A catoblepas (D)
  A death knight (D)
  A merfolk aquamancer (D)
  2 vampire magi (D)
  A spriggan berserker (D)
  2 orc high priests (D)
  2 deep elf knights (D)
  3 skeletal warriors (D)
  6 hell knights (D)
  2 wizards (D)
  A swamp dragon (D)
  A sea snake (D)
  3 harpies (D)
  A large abomination (D)
  A lindwurm (D)
  28 orc knights (D)
  A deep elf mage (D)
  6 orc sorcerers (D)
  A moth of wrath (D)
  An ugly thing (D)
  A manticore (D)
  A rust devil (D)
  2 naga magi (D)
  An orange demon (D)
  An eye of devastation (D)
  A molten gargoyle (D)
  3 gargoyles (D)
  A smoke demon (D)
  A spiny frog (D)
  A yaktaur (D)
  3 small abominations (D)
  A komodo dragon (D)
  A freezing wraith (D)
  An ice devil (D)
  2 guardian mummies (D)
  A jumping spider (D)
  A polar bear (D)
  6 merfolk (D)
  2 wind drakes (D)
  4 hornets (D)
  A flying skull (D)
  A shadow (D)
  10 redbacks (D)
  4 spriggans (D)
  3 water elementals (D)
  3 tarantellas (D)
  2 fire bats (D)
  2 ynoxinuls (D)
  A wyvern (D)
  A golden eye (D)
  A chaos spawn (D)
  2 vampire mosquitoes (D)
  A basilisk (D)
  2 wargs (D)
  2 acid dragons (D)
  6 insubstantial wisps (D)
  3 hell hounds (D)
  A floating eye (D)
  Duvessa (D)
  21 orc warriors (D)
  A phantom (D)
  An eye of draining (D)
  An ogre (D)
  5 wolves (D)
  A centaur (D)
  A gnoll sergeant (D)
  Dowan (D)
  A quasit (D)
  An orc priest (D)
  2 orc wizards (D)
  2 hell rats (D)
  7 gnolls (D)
  2 river rats (D)
  2 adders (D)
  2 white imps (D)
  An ufetubus (D)
  An ooze (D)
  2 adder zombies (D)
  An adder skeleton (D)
  A leopard gecko (D)
  14 orcs (D)
  A bat skeleton (D)
  A bat zombie (D)
  A giant cockroach (D)
  2 quokkas (D)
  2 bat simulacra (D)
  A frilled lizard (D)
  2 kobolds (D)
  A leopard gecko zombie (D)
347 creatures vanquished.

Vanquished Creatures (others)
  A ghost moth (D)
  A rat (D)
2 creatures vanquished.

Grand Total: 349 creatures vanquished

Notes
Turn   | Place    | Note
-------+----------+-------------------------------------------
     0 | D        | TheOrbIsALie the Gargoyle Transmuter began the quest for
                  | the Orb.
     0 | D        | Reached XP level 1. HP: 12/12 MP: 3/3
    48 | D        | Found a bloodstained altar of Trog.
    48 | D        | Found a deep blue altar of Sif Muna.
    48 | D        | Found a viscous altar of Jiyva.
    48 | D        | Found a hazy altar of Hepliaklqana.
    48 | D        | Found an opulent altar of Gozag.
    49 | D        | Found a glowing golden altar of the Shining One.
    49 | D        | Found a glowing silver altar of Zin.
    49 | D        | Found a basalt altar of Yredelemnul.
    49 | D        | Found a shimmering altar of Xom.
    49 | D        | Found an ornate altar of the Wu Jian Council.
    49 | D        | Found a sacrificial altar of Ru.
    49 | D        | Found a stormy altar of Qazlal.
    49 | D        | Found an iron altar of Okawaru.
    49 | D        | Found a sparkling altar of Nemelex Xobeh.
    49 | D        | Found a burning altar of Makhleb.
    49 | D        | Found a blossoming altar of Fedhas.
    49 | D        | Found a white marble altar of Elyvilon.
    49 | D        | Found a shadowy altar of Dithmenos.
    49 | D        | Found a snail-covered altar of Cheibriados.
    52 | D        | Found a corrupted altar of Lugonu.
    52 | D        | Found a radiant altar of Vehumet.
    52 | D        | Found a roughly hewn altar of Beogh.
    53 | D        | Found an ancient bone altar of Kikubaaqudgha.
    53 | D        | Found a hide-covered altar of Uskayaw.
    53 | D        | Found a shattered altar of Ashenzari.
    59 | D        | Became a worshipper of Warmaster Okawaru
    86 | D        | Reached skill level 5 in Unarmed Combat
    86 | D        | Reached XP level 2. HP: 7/16 MP: 3/5
   274 | D        | Reached XP level 3. HP: 19/20 MP: 4/6
   368 | D        | Noticed a gnoll sergeant
   398 | D        | Killed a gnoll sergeant
   398 | D        | Reached XP level 4. HP: 25/25 MP: 7/7
   398 | D        | Reached XP level 5. HP: 29/29 MP: 8/8
   404 | D        | Reached * piety under Okawaru
   404 | D        | Reached skill level 10 in Unarmed Combat
   412 | D        | Noticed Dowan
   442 | D        | Killed Dowan
   447 | D        | Reached XP level 6. HP: 15/34 MP: 7/9
   540 | D        | Noticed Duvessa
   555 | D        | Killed Duvessa
   769 | D        | Noticed a flying skull
   786 | D        | Killed a flying skull
   786 | D        | Reached ** piety under Okawaru
   786 | D        | Reached skill level 7 in Fighting
   786 | D        | Reached XP level 7. HP: 17/48 MP: 4/10
   980 | D        | Noticed a two-headed ogre
   987 | D        | Killed a two-headed ogre
   987 | D        | Reached *** piety under Okawaru
   987 | D        | Reached skill level 12 in Fighting
   987 | D        | Reached XP level 8. HP: 28/62 MP: 7/11
  1165 | D        | Reached skill level 13 in Fighting
  1184 | D        | Noticed a ynoxinul
  1193 | D        | Killed a ynoxinul
  1193 | D        | Reached skill level 14 in Fighting
  1314 | D        | Noticed a komodo dragon
  1322 | D        | Killed a komodo dragon
  1322 | D        | Reached skill level 15 in Fighting
  1322 | D        | Reached XP level 9. HP: 58/71 MP: 8/12
  1418 | D        | Noticed a gargoyle
  1418 | D        | Noticed a sea snake
  1418 | D        | Noticed a polar bear
  1426 | D        | Killed a polar bear
  1431 | D        | Killed a sea snake
  1431 | D        | Reached **** piety under Okawaru
  1436 | D        | Killed a gargoyle
  1436 | D        | Reached ***** piety under Okawaru
  1436 | D        | Reached skill level 5 in Dodging
  1451 | D        | Noticed a manticore
  1459 | D        | Killed a manticore
  1465 | D        | Reached XP level 10. HP: 64/76 MP: 11/13
  1522 | D        | Noticed a molten gargoyle
  1523 | D        | Noticed a gargoyle
  1527 | D        | Killed a molten gargoyle
  1531 | D        | Killed a gargoyle
  1531 | D        | Reached skill level 10 in Armour
  1664 | D        | Noticed Gastronok
  1682 | D        | Killed Gastronok
  1682 | D        | Reached skill level 5 in Transmutations
  1794 | D        | Learned a level 5 spell: Blade Hands
  1810 | D        | Noticed a cyan ugly thing
  1816 | D        | Killed a cyan ugly thing
  1816 | D        | Reached XP level 11. HP: 68/81 MP: 18/21
  1872 | D        | Noticed a lindwurm
  1892 | D        | Killed a lindwurm
  1892 | D        | Received a gift from Okawaru
  1906 | D        | Noticed a minotaur
  1925 | D        | Killed a minotaur
  2249 | D        | Noticed a swamp dragon
  2252 | D        | Reached skill level 10 in Spellcasting
  2261 | D        | Killed a swamp dragon
  2405 | D        | Noticed a spriggan rider
  2406 | D        | Noticed an orc knight
  2427 | D        | Killed an orc knight
  2774 | D        | Noticed a yellow draconian
  2774 | D        | Noticed an eidolon
  2775 | D        | Noticed Rupert
  2775 | D        | Noticed a death cob
  2775 | D        | Noticed a vampire knight
  2778 | D        | Noticed a deep elf mage
  2780 | D        | Noticed a catoblepas
  2780 | D        | Killed a death cob
  2780 | D        | Reached XP level 12. HP: 45/88 MP: 0/28
  2783 | D        | Noticed a four-headed hydra
  2787 | D        | Killed a ghost moth
  2790 | D        | Killed a five-headed hydra
  2793 | D        | Paralysed by a vampire knight for 2 turns
  2798 | D        | Killed a vampire knight
  2818 | D        | HP: 4/88 [yellow draconian/+0 long sword (14)]
  2878 | D        | Killed a yellow draconian
  3182 | D        | Killed an eidolon
  3182 | D        | Reached skill level 10 in Dodging
  3185 | D        | Reached ****** piety under Okawaru
  3207 | D        | Noticed an emperor scorpion
  3222 | D        | Killed an emperor scorpion
  3222 | D        | Received a gift from Okawaru
  3223 | D        | Killed a catoblepas
  3510 | D        | Reached skill level 15 in Armour
  3618 | D        | Identified the +2 scale mail of Wu Jian's Hope {rElec
                  | rCorr}
  3635 | D        | Paralysed by Rupert for 4 turns
  3668 | D        | Killed Rupert
  3668 | D        | Received a gift from Okawaru
  3668 | D        | Reached skill level 15 in Spellcasting
  3668 | D        | Reached XP level 13. HP: 62/92 MP: 11/32
  3809 | D        | Noticed Xilusek the pandemonium lord
  3826 | D        | Killed Xilusek the pandemonium lord
  4174 | D        | Noticed a green death
  4177 | D        | Killed a green death
  4177 | D        | Received a gift from Okawaru
  4180 | D        | Noticed a Brimstone Fiend
  4186 | D        | Killed a Brimstone Fiend
  4445 | D        | Noticed an orc warlord
  4469 | D        | Killed an orc warlord
  4627 | D        | Received a gift from Okawaru
  4635 | D        | Noticed an orc warlord
  4644 | D        | Killed an orc warlord
  4739 | D        | Noticed a vault guard
  4748 | D        | Killed a vault guard
  4753 | D        | Noticed a vault guard
  4757 | D        | Killed a vault guard
  4757 | D        | Gained mutation: Your large and strong wings let you fly
                  | indefinitely. [Gargoyle growth]
  4757 | D        | Reached XP level 14. HP: 85/98 MP: 30/34
  4784 | D        | Reached skill level 5 in Invocations
  5156 | D        | Noticed Nessos
  5161 | D        | Reached skill level 10 in Invocations
  5170 | D        | Killed Nessos
  5196 | D        | Got the +2 cloak of Rotation {rC+ Str+6}
  5344 | D        | Received a gift from Okawaru
  5544 | D        | Identified a +2 pair of boots of running (Okawaru gifted it
                  | to you in the Dungeon)
  5619 | D        | Noticed a storm dragon
  5626 | D        | Noticed a stone giant
  5630 | D        | Killed a storm dragon
  5637 | D        | Noticed a spriggan defender
  5642 | D        | Noticed an ophan
  5645 | D        | Killed a stone giant
  5651 | D        | Killed a spriggan defender
  5651 | D        | Reached skill level 15 in Unarmed Combat
  5656 | D        | Killed an ophan
  5972 | D        | Noticed a stone giant
  5984 | D        | Killed a stone giant
  6052 | D        | Received a gift from Okawaru
  6229 | D        | Reached XP level 15. HP: 103/103 MP: 30/35
  6251 | D        | Killed a ghost moth
  6255 | D        | Noticed Donald
  6257 | D        | Killed a ghostly ghost moth
  6273 | D        | Killed Donald
  6558 | D        | Noticed a frost giant
  6570 | D        | Killed a frost giant
  6573 | D        | Noticed a deep elf blademaster
  6579 | D        | Killed a deep elf blademaster
  6645 | D        | Noticed an orb of fire
  6645 | D        | Noticed a death cob
  6651 | D        | Noticed a balrug
  6651 | D        | Noticed a hellephant
  6651 | D        | Noticed an angel
  6661 | D        | Gained mutation: You are clumsy. (Dex -2) [an orb of fire]
  6668 | D        | Killed an orb of fire
  6668 | D        | Received a gift from Okawaru
  6671 | D        | Killed an angel
  6673 | D        | Killed a balrug
  6684 | D        | Killed a hellephant
  6689 | D        | Noticed a nagaraja
  6702 | D        | Killed a death cob
  6714 | D        | Killed a nagaraja
  6890 | D        | Noticed a deep elf sorcerer
  6895 | D        | Killed a deep elf sorcerer
  6895 | D        | Received a gift from Okawaru
  7019 | D        | Reached skill level 16 in Fighting
  7064 | D        | Noticed a sphinx
  7074 | D        | Reached XP level 16. HP: 100/111 MP: 29/36
  7077 | D        | Killed a sphinx
  7077 | D        | Reached skill level 17 in Fighting
  7100 | D        | Reached skill level 18 in Fighting
  7139 | D        | Reached skill level 19 in Fighting
  7143 | D        | Received a gift from Okawaru
  7473 | D        | Reached skill level 20 in Fighting
  7521 | D        | Noticed a lich
  7529 | D        | Reached skill level 21 in Fighting
  7534 | D        | Killed a lich
  7550 | D        | Reached skill level 22 in Fighting
  7581 | D        | Received a gift from Okawaru
  7614 | D        | Noticed a sphinx
  7626 | D        | Killed a sphinx
  7626 | D        | Reached skill level 23 in Fighting
  7716 | D        | Reached skill level 24 in Fighting
  7741 | D        | Got Ydyolu's Tome of Venom and Clay
  7746 | D        | Got the Disquisition on Burning Ice
  7785 | D        | Got the ring of the Skies Above {-Tele MR+ Int+9 SInv
                  | Stlth-}
  7787 | D        | Got the ring of Xom's Amusement {rN+ Str+6}
  7789 | D        | Got the ring "Xutaudde" {*Slow MP+9 AC+6 Int+7 Dex+2}
  7791 | D        | Got the ring of Got Kiug {rPois rF+ Slay-2 SInv}
  7793 | D        | Got the ring "Qapneogot" {AC+6 Int+6 Dex-2 Stlth+}
  7796 | D        | Got the ring "Junt" {MR+ Str-5 Int+4 Slay+2}
  7798 | D        | Got the ring "Gipruniw" {rElec Dex+6}
  7800 | D        | Got the ring "Peuracuv" {rF+ rC+++ Str+6 Int+3 Dex-5}
  7812 | D        | Got the ring "Fashovug" {Str+2 Int+5 SInv}
  7814 | D        | Got the ring "Suting" {rPois Str+5}
  7816 | D        | Got the ring "Ceacykk" {rF+ Str+3 Dex+6}
  7822 | D        | Got the ring "Gatydghue" {EV+6 Dex+2}
  7831 | D        | Got the ring of Sefyhue {rPois rC+ AC+6 Int+4 Stlth+}
  7846 | D        | Got the ring "Fechyurph" {Fire Int+3}
  7849 | D        | Got the ring "Iseumm" {*Drain rPois MR+ EV-6 Str+4}
  7852 | D        | Got the ring of Qyjayzyzu {Int+3 Slay+5}
  7854 | D        | Got the amulet of Huokka {+Rage rN++}
  7857 | D        | Got the amulet of Ibekk {+Rage rPois rF- Dex+4}
  7860 | D        | Got the amulet of Qitox {Reflect Int+2 SH+2}
  7863 | D        | Got the amulet of Ywaaqe {+Rage rElec Dex+3}
  7866 | D        | Got the ring of Prescription {rElec rN+ MR+++ Dex-2 Stlth+}
  7877 | D        | Got the ring "Jaotsuutsi" {+Fly Dex+6 Stlth+}
  7880 | D        | Got the amulet "Hoot Ang" {Acrobat Fragile Int+5 SInv}
  7884 | D        | Got the ring "Iqiji" {Str-5 Dex+8 Stlth+}
  7894 | D        | Got the amulet "Lacesyrgh" {Spirit rPois rN+ Int-5 Stlth+}
  7897 | D        | Got the amulet of the Lotus Blossom {RegenMP rElec rN+}
  7901 | D        | Got the ring of Xatinos {+Fly Str+4 SInv}
  7951 | D        | Noticed an ancient lich
  7954 | D        | Killed an ancient lich
  7954 | D        | Received a gift from Okawaru
  7954 | D        | Reached skill level 27 in Fighting
  7987 | D        | Noticed an acid blob
  7993 | D        | Killed an acid blob
  8133 | D        | Noticed an Executioner
  8146 | D        | Killed an Executioner
  8156 | D        | Reached XP level 17. HP: 119/139 MP: 32/37
  8214 | D        | Noticed an electric golem
  8222 | D        | Killed an electric golem
  8228 | D        | Noticed an Ice Fiend
  8231 | D        | Killed an Ice Fiend
  8231 | D        | Reached skill level 15 in Dodging
  8309 | D        | Noticed a golden dragon
  8314 | D        | Killed a golden dragon
  8322 | D        | Noticed a Hell Sentinel
  8329 | D        | Killed a Hell Sentinel
  8333 | D        | Noticed a greater mummy
  8336 | D        | Killed a greater mummy
  8336 | D        | Received a gift from Okawaru
  8345 | D        | Noticed Soaseq the pandemonium lord
  8351 | D        | Killed Soaseq the pandemonium lord
  8355 | D        | Noticed a greater mummy
  8360 | D        | Killed a greater mummy
  8405 | D        | Noticed a Brimstone Fiend
  8408 | D        | Killed a Brimstone Fiend
  8410 | D        | Noticed a greater mummy
  8414 | D        | Killed a greater mummy
  8417 | D        | Noticed a bone dragon
  8421 | D        | Killed a bone dragon
  8423 | D        | Noticed an electric golem
  8428 | D        | Killed an electric golem
  8436 | D        | Noticed an orb of fire
  8439 | D        | Killed an orb of fire
  8439 | D        | Received a gift from Okawaru
  8444 | D        | Got the ring "Imarch" {Str+4 Int-2}
  8446 | D        | Got the ring of Zoewn {+Fly rPois rC++ Dex-2 SInv}
  8451 | D        | Got the ring "Meovidd" {rF+ MR+ Str+6 Stlth+}
  8453 | D        | Got the amulet of Salvation {Harm *Corrode *Drain Str+3
                  | Slay+2}
  8516 | D        | Noticed a deep elf blademaster
  8522 | D        | Killed a deep elf blademaster
  8522 | D        | Reached skill level 15 in Stealth
  8522 | D        | Reached XP level 18. HP: 139/145 MP: 31/38
  8523 | D        | Noticed Xtahua
  8525 | D        | Killed Xtahua
  8623 | D        | Reached skill level 10 in Transmutations
  9013 | D        | Received a gift from Okawaru
  9244 | D        | Reached skill level 15 in Transmutations
  9648 | D        | Received a gift from Okawaru
  9667 | D        | Got a silver rune of Zot
  9786 | D        | HP: 4/145 [hellion/damnation (26)]
  9786 | D        | Mangled by a merfolk

Levels and vault maps discovered:
D:        pitsprint [storerooms_1, entrance_room_1, metal_vault_3, armoury_2,
          mini_pit_1, grid_room_1, main_hall_1, silver_pit, the_coven_1,
          the_vestibule_1, steel_vault_4, golden_pit, hallway_of_sentries,
          crystal_vault_4, iron_vault_1, final_vault]

Skill      XL: |  1  2  3  4  5  6  7  8  9 10 11 12 13 14 15 16 17 18 |
---------------+-------------------------------------------------------+-----
Dodging        | 2 6 7 8 10 13 14 19 | 19.1
Unarmed Combat | 5 6 9 11 13 18 25 | 25.1
Fighting       | 7 12 15 16 27 | 27.0
Armour         | 9 10 12 15 19 20 24 | 24.7
Transmutations | 6 9 17 | 17.5
Spellcasting   | 7 12 15 16 20 | 20.8
Invocations    | 13 | 13.8
Stealth        | 15 17 | 17.8

Action                   |  1- 3 |  4- 6 |  7- 9 | 10-12 | 13-15 | 16-18 || total
-------------------------+-------+-------+-------+-------+-------+-------++-------
Melee: Unarmed           |    61 |    76 |    58 |   288 |   390 |   375 ||  1248
       Headbutt          |     8 |       |     3 |    14 |       |       ||    25
       Kick              |     2 |     2 |     8 |    20 |       |       ||    32
       Punch             |     1 |     2 |     3 |    19 |    35 |    37 ||    97
Throw: Javelin           |       |       |       |     2 |       |       ||     2
 Cast: Beastly Appendage |     6 |     1 |     5 |    10 |       |       ||    22
       Blade Hands       |       |       |       |    10 |    25 |    24 ||    59
Invok: Heroism           |       |     3 |     5 |    15 |    18 |    11 ||    52
       Finesse           |       |       |       |       |     2 |       ||     2
 Abil: Fly               |       |       |       |       |       |     1 ||     1
Evoke: Lamp of fire      |       |       |       |       |     2 |     1 ||     3
  Use: Potion            |     3 |       |       |    11 |     1 |     3 ||    18
       Scroll            |       |       |       |     2 |       |       ||     2
 Stab: Petrified         |       |       |       |     5 |       |       ||     5
       Sleeping          |       |       |       |       |       |    10 ||    10
       Distracted        |       |       |       |       |       |     2 ||     2
  Eat: Chunk             |       |       |     2 |     6 |    11 |     3 ||    22
       Ration            |       |       |       |     1 |     1 |     2 ||     4
Armor: Robe              |     8 |       |       |       |       |       ||     8
       Scale mail        |     8 |    47 |    13 |   130 |    22 |       ||   220
       Fire dragon scale |       |       |       |       |   102 |   100 ||   202
Dodge: Dodged            |    36 |    18 |    41 |   237 |   218 |   150 ||   700

Table legend:
 A = Non-vault XP
 B = Vault XP
 C = Vault XP percentage of total XP
 D = Non-vault monster count
 E = Vault monster count
 F = Vault count percentage of total count
                 A         B        C        D         E       F
            +---------+---------+-------+---------+---------+-------
      Total |    3109 |  303881 |  99.0 |       6 |     342 |  98.3
            +---------+---------+-------+---------+---------+-------
          D |    3109 |  303881 |  99.0 |       6 |     342 |  98.3
            +---------+---------+-------+---------+---------+-------
